 Dungeon Crawl Stone Soup version 0.31-a0-267-g3fc6992b3b (webtiles) character file.

Game seed: 14336674045445002431

38 qw the Shooter (level 3, -3/29 HPs)
             Began as a Minotaur Hexslinger on July 13, 2023.
             Slain by Sigmund
             ... wielding a +5 scythe of protection
              (10 damage)
             ... on level 2 of the Dungeon.
             The game lasted 00:00:29 (772 turns).

qw the Shooter (Minotaur Hexslinger)                 Turns: 772, Time: 00:00:30

Health: -3/29      AC:  5    Str: 12    XL:     3   Next: 25%
Magic:  3/3        EV: 11    Int: 10    God:
Gold:   10         SH:  0    Dex: 14    Spells: 3/4 levels left

rFire   . . .        Y - +1 sling
rCold   . . .        (no shield)
rNeg    . . .        d - +0 ring mail
rPois   .            (helmet restricted)
rElec   .            (no cloak)
rCorr   .            (no gloves)
SInv    .            (no boots)
Will    .....        (no amulet)
Stlth   +            (no ring)
HPRegen 0.24/turn    (no ring)
MPRegen 0.08/turn

%: no passive effects
@: about to teleport
A: horns 2, retaliatory headbutt
a: no special abilities


You were on level 2 of the Dungeon.
You visited 1 branch of the dungeon, and saw 2 of its levels.

You collected 10 gold pieces.


Innate Abilities, Weirdness & Mutations

You have a pair of horns on your head.
You reflexively headbutt those who attack you in melee.


   Skills:
 - Level 2.0 Fighting
 + Level 3.8 Ranged Weapons
 - Level 2.1 Dodging
 - Level 1.0 Spellcasting
 - Level 2.0 Hexes


You had 3 spell levels left.
You knew the following spells:

 Your Spells              Type           Power      Damage    Failure   Level
a - Slow                  Hex            16%        N/A       34%         1

Your spell library contained the following spells:

 Spells                   Type           Power      Damage    Failure   Level
 Inner Flame              Hex/Fire       2%         N/A       83%         3
 Portal Projectile        Hex/Tloc       4%         N/A       83%         3
 Cause Fear               Hex            2%         N/A       98%         4

Inventory:

Hand Weapons
 Y - a +1 sling (weapon)
Armour
 d - a +0 ring mail (worn)
Jewellery
 e - a ring of ice
Scrolls
 g - 4 scrolls of identify
Potions
 b - a potion of resistance {unknown}
 c - a potion of invisibility {unknown}

Dungeon Overview and Level Annotations

Branches:
Dungeon (2/15)

Altars:

Shops:
D:1 :

Annotations:
D:2 Sigmund, Terence


Message History

Found a stone staircase leading down.
There is a stone staircase leading down here.
g - 4 scrolls of identify (gained 1)
Found a plate armour.
c - a brown potion You see here a wand of charming (9).
Found a leather armour.
Found a stone staircase leading up.
There is a stone staircase leading up here.
Sigmund and Terence come into view.
Sigmund is wielding a +5 scythe of protection.
Sigmund shouts!
You shoot a sling bullet. The sling bullet barely misses Terence.
Terence hits you with a +0 hand axe.
You shoot a sling bullet. The sling bullet hits Terence.
Terence is lightly wounded.
Terence closely misses you. x2
You shoot a sling bullet. The sling bullet barely misses Terence.
Terence barely misses you.
You shoot a sling bullet. The sling bullet hits Terence.
Terence is moderately wounded.
Sigmund casts a spell at you. The magic dart hits you!
Terence hits you with a +0 hand axe. Terence barely misses you.
You furiously retaliate!
You headbutt Terence.
Sigmund hits you from afar with a +5 scythe of protection!
You shoot a sling bullet. The sling bullet hits Terence.
Terence is heavily wounded.
Terence barely misses you.
You shoot a sling bullet. The sling bullet hits Terence.
Terence is severely wounded.
Sigmund gestures at you while chanting. You resist with significant effort.
Terence hits you with a +0 hand axe. Sigmund hits you but does no damage.
771 ||| READING scroll of teleportation.
As you read the scroll of teleportation, it crumbles to dust.
You feel strangely unstable. Terence barely misses you.
You shoot a sling bullet. The sling bullet barely misses Terence.
Sigmund hits you from afar with a +5 scythe of protection!
You die...

####...##.........
#......###.#######
#.###.## ### #.#
#.# #.# #.#
#.###.##
#<##.#.#####..#
#...###......#
####.#@#####..#
#..@......
#.@####### #..#
##.# #.# #.# ..#


You could see Sigmund and Terence.

Vanquished Creatures
  A dart slug (D:1)
  2 bats (D:1)
  3 endoplasms (D:1)
  4 giant cockroaches (D:1)
  A goblin (D:1)
  2 hobgoblins (D:1)
  7 jackals (D:1)
  5 kobolds (D:1)
  A frilled lizard (D:1)
  5 rats
31 creatures vanquished.

Notes
Turn   | Place    | Note
-------+----------+-------------------------------------------
     0 | D:1      | qw the Minotaur Hexslinger began the quest for the Orb.
     0 | D:1      | Reached XP level 1. HP: 16/16 MP: 1/1
     0 | D:1      | 0 ||| qw: Version: 0.3-a-52-g30416fa
     0 | D:1      | 0 ||| qw: Game counter: 7725
     0 | D:1      | 0 ||| qw: Melee chars always use a shield: true
     0 | D:1      | 0 ||| qw: God list: Okawaru
     0 | D:1      | 0 ||| qw: Allow faded altars: false
     0 | D:1      | 0 ||| qw: Do Orc after clearing Dungeon:15 true
     0 | D:1      | 0 ||| qw: Do second Lair branch before Depths: true
     0 | D:1      | 0 ||| qw: Lair rune preference: random
     0 | D:1      | 0 ||| qw: Goals: Normal
     0 | D:1      | 0 ||| PLANNING D:1-11
    45 | D:1      | 45 ||| FLEEEEING.
    46 | D:1      | 46 ||| FLEEEEING.
    47 | D:1      | 47 ||| FLEEEEING.
    48 | D:1      | 48 ||| FLEEEEING.
    49 | D:1      | 49 ||| FLEEEEING.
    50 | D:1      | 50 ||| FLEEEEING.
    51 | D:1      | 51 ||| FLEEEEING.
    52 | D:1      | 52 ||| FLEEEEING.
    53 | D:1      | 53 ||| FLEEEEING.
    54 | D:1      | 54 ||| FLEEEEING.
    55 | D:1      | 55 ||| FLEEEEING.
    56 | D:1      | 56 ||| FLEEEEING.
    57 | D:1      | 57 ||| FLEEEEING.
    58 | D:1      | 58 ||| FLEEEEING.
   111 | D:1      | Reached skill level 3 in Ranged Weapons
   113 | D:1      | Reached XP level 2. HP: 21/23 MP: 2/2
   170 | D:1      | 170 ||| FLEEEEING.
   173 | D:1      | 173 ||| FLEEEEING.
   336 | D:1      | Found Jeixal's Book Boutique.
   374 | D:1      | Reached XP level 3. HP: 29/29 MP: 3/3
   609 | D:1      | 609 ||| UPGRADING to +0 ring mail.
   619 | D:1      | 619 ||| DROPPING +0 robe.
   620 | D:1      | 620 ||| READING 2 scrolls labelled ORHYOM IMAENAA.
   625 | D:1      | 625 ||| READING 3 scrolls labelled TENUTITSIE.
   626 | D:1      | 626 ||| DROPPING scroll of poison.
   764 | D:2      | Noticed Sigmund
   764 | D:2      | Noticed Terence
   770 | D:2      | HP: 6/29 [Terence/+0 hand axe (2)]
   771 | D:2      | 771 ||| READING scroll of teleportation.
   772 | D:2      | Slain by Sigmund

Levels and vault maps discovered:
D:1:      wander_arrival_estate, layout_rooms, serial_shops, shop_statue
D:2:      layout_loops_ring, ebering_ecumenical_altar_sacrificial, uniq_sigmund,
          uniq_terence

Skill      XL: |  1  2 |
---------------+-------+-----
Ranged Weapons | 3 |  3.8
Fighting       | 2 |  2.0
Dodging        | |  2.1
Spellcasting   | |  1.0
Hexes          | |  2.0

Action                     || total
---------------------------++-------
   Fire: Sling             ||   107
    Use: Scroll            ||     3
 Armour: Robe              ||    11
         Ring mail         ||     1
  Dodge: Dodged            ||    42

Table legend:
 A = Non-vault XP
 B = Vault XP
 C = Vault XP percentage of total XP
 D = Non-vault monster count
 E = Vault monster count
 F = Vault count percentage of total count
                 A         B        C        D         E       F
            +---------+---------+-------+---------+---------+-------
      Total |      55 |       0 |   0.0 |      31 |       0 |   0.0
            +---------+---------+-------+---------+---------+-------
        D:1 |      53 |       0 |   0.0 |      29 |       0 |   0.0
        D:2 |       2 |       0 |   0.0 |       2 |       0 |   0.0
            +---------+---------+-------+---------+---------+-------
